 Dungeon Crawl Stone Soup version 0.30.1 (webtiles) character file.

Game seed: 16014263548414423800

597 Bnni the Sneak (level 7, -3/55 HPs)
             Began as a Vine Stalker Brigand on July 7, 2023.
             Slain by a black bear (7 damage)
             ... on level 5 of the Dungeon.
             The game lasted 00:06:22 (3172 turns).

Bnni the Sneak (Vine Stalker Brigand)               Turns: 3172, Time: 00:06:23

Health: -3/55      AC: 10    Str: 16    XL:     7   Next: 40%
Magic:  0/8        EV:  7    Int: 11    God:
Gold:   151        SH:  0    Dex: 15    Spells: 6/6 levels left

rFire   + . .        k - +2 dagger
rCold   . . .        (no shield)
rNeg    . . .        w - +0 chain mail
rPois   .            t - +0 helmet
rElec   .            c - +0 cloak
rCorr   .            (no gloves)
SInv    .            (no boots)
Will    .....        (no amulet) Stlth
                     a - ring of protection from fire
HPRegen 1.09/turn    (no ring)
MPRegen 0.11/turn

%: guardian spirit
@: berserking, very quick
A: fangs 2, regeneration 1, magic shield, antimagic bite, no potion heal 2
a: no special abilities


You were on level 5 of the Dungeon.
You visited 1 branch of the dungeon, and saw 5 of its levels.

You collected 151 gold pieces.

Inventory:

Hand Weapons
 k - a +2 dagger (weapon)
 p - a +1 dagger of holy wrath
Missiles
 d - 29 poisoned darts (quivered)
 e - 3 curare-tipped darts
Armour
 c - a +0 cloak (worn)
 t - a +0 helmet (worn)
 w - a +0 chain mail (worn)
Jewellery
 a - a ring of protection from fire (left hand)
Scrolls
 f - 3 scrolls of amnesia
 g - 2 scrolls of teleportation {unknown}
 j - 2 scrolls of fog {unknown}
 m - a scroll of vulnerability {unknown}
 o - 2 scrolls of immolation {unknown}
 q - a scroll of blinking
 u - a scroll of poison
 v - 2 scrolls of enchant armour
 x - a scroll of identify
Potions
 b - a potion of might
 h - 2 potions of resistance
 i - a potion of attraction {unknown}
 l - a potion of berserk rage
 n - 2 potions of flight {unknown}
 r - a potion of mutation {unknown}
 s - a potion of cancellation {unknown}
 z - a potion of curing {unknown}


   Skills:
 + Level 3.9 Fighting
 * Level 5.2 Short Blades
 - Level 1.7 Throwing
 - Level 0.7 Dodging
 + Level 6.9 Stealth


You had 6 spell levels left.
You didn't know any spells.
Your spell library contained the following spells:

 Spells                   Type           Power      Damage    Failure   Level
 Lesser Beckoning         Tloc           0%         N/A       100%        2
 Scorch                   Fire           0%         2d5       100%        2
 Dazzling Flash           Conj/Hex       0%         N/A       100%        3
 Gell's Gravitas          Tloc           0%         N/A       100%        3
 Mephitic Cloud           Conj/Pois/Air  0%         N/A       100%        3
 Teleport Other           Tloc           0%         N/A       100%        3
 Volatile Blastmotes      Fire/Tloc      0%         2d10      100%        3
 Flame Wave               Conj/Fire      0%         2d4       100%        4
 Iskenderun's Mystic Bla  Conj/Tloc      0%         2d3       100%        4
 Starburst                Conj/Fire      0%         6d3       100%        6
 Summon Cactus Giant      Summ           0%         N/A       100%        6
 Disjunction              Tloc           0%         N/A       100%        8


Dungeon Overview and Level Annotations

Branches:
Dungeon (5/15)
 Temple: D:4-7

Altars:
Cheibriados


Innate Abilities, Weirdness & Mutations

You have extremely sharp teeth.
Your natural rate of healing is unusually fast.
When hurt, damage is shared between your health and your magic reserves.
Your bite disrupts and absorbs the magic of your enemies.
Potions cannot restore your health.


Message History

The black bear is severely wounded.
The black bear barely misses you.
The black bear claws you but does no damage.
The black bear claws you.
You hit the black bear but do no damage.
You bite the black bear. You drain its power.
You feel invigorated.
The black bear is almost dead.
The black bear goes berserk!
You hit the black bear but do no damage.
The black bear is almost dead.
The black bear bites you!
The black bear claws you but does no damage. x2
You hit the black bear. You bite the black bear. You drain its power.
You feel invigorated.
The black bear is almost dead.
The black bear bites you but does no damage.
The black bear barely misses you. The black bear claws you.
You hit the black bear.
You bite the black bear, but do no damage.
The black bear is almost dead.
The black bear bites you. The black bear claws you.
* * * LOW HITPOINT WARNING * * *
The black bear claws you but does no damage.
You hit the black bear.
You punch the black bear, but do no damage.
The black bear is almost dead.
The black bear bites you!
* * * LOW HITPOINT WARNING * * *
The black bear completely misses you.
The black bear claws you but does no damage.
You aren't carrying any items that you can evoke.
Unknown command.
Okay, then.
A red film seems to cover your vision as you go berserk!
You feel yourself moving faster!
You feel mighty!
The black bear bites you but does no damage.
The black bear claws you.
* * * LOW HITPOINT WARNING * * *
The black bear barely misses you. The black bear bites you!
You die...

#<## #######...........
...## #......#.#.#.# #.
....# #.####ยง...!.....>.
....####.######.#.#.#.#.#
......................
....####..#..##.#.#.#.#
>..## #...#.#.....? ...
#.## #..###.#.#h#.#.#.#
#.# #.## #..@........ #.#
##. #.#.#.#.#.#. #+# . ##
## .


You could see a black bear (berserk).

Vanquished Creatures
  Edmund (D:4)
  Menkaure (D:4)
  A phantom (D:5)
  2 hounds (D:4)
  An iguana (D:4)
  Natasha (D:3)
  Robin (D:2)
  A gnoll (D:4)
  5 adders
  An ufetubus (D:4)
  A worm (D:4)
  4 dart slugs
  5 orcs (D:3)
  6 ball pythons
  4 bats
  4 endoplasms
  3 giant cockroaches
  17 goblins
  12 hobgoblins
  3 jackals (D:2)
  3 quokkas
  5 frilled lizards
  10 kobolds
  5 rats
97 creatures vanquished.

Notes
Turn   | Place    | Note
-------+----------+-------------------------------------------
     0 | D:1      | Bnni the Vine Stalker Brigand began the quest for the Orb.
     0 | D:1      | Reached XP level 1. HP: 11/11 MP: 2/2
   192 | D:1      | Reached skill level 5 in Stealth
   192 | D:1      | Reached XP level 2. HP: 11/15 MP: 3/3
   736 | D:2      | Reached XP level 3. HP: 18/18 MP: 4/4
   877 | D:2      | Noticed Robin
   924 | D:2      | Gained mutation: Your natural rate of healing is unusually
                  | fast. [Vine Stalker growth]
   924 | D:2      | Reached XP level 4. HP: 16/23 MP: 3/5
   954 | D:2      | Killed Robin
  1489 | D:3      | Reached XP level 5. HP: 27/27 MP: 6/6
  1605 | D:3      | Noticed Natasha
  1617 | D:3      | Killed Natasha
  2030 | D:4      | Got the Octavo of Attacks and Translocation
  2151 | D:4      | Noticed Edmund
  2183 | D:4      | Killed Edmund
  2184 | D:4      | Reached skill level 6 in Stealth
  2184 | D:4      | Reached XP level 6. HP: 30/32 MP: 5/7
  2605 | D:4      | Noticed Menkaure
  2609 | D:4      | Killed Menkaure
  2610 | D:4      | Reached skill level 5 in Short Blades
  2610 | D:4      | Reached XP level 7. HP: 25/37 MP: 8/8
  2811 | D:4      | Found a snail-covered altar of Cheibriados.
  3092 | D:5      | Entered Level 5 of the Dungeon
  3172 | D:5      | Slain by a black bear

Illustrated notes

Levels and vault maps discovered:
D:1:      lightli_arrival_windingriver, layout_loops_cross
D:2:      minmay_spotlight, layout_rooms, reono_crystal_passage,
          kennysheep_small_spiral, chequers_serial_rivers_micro_a, uniq_robin
D:3:      layout_loops_ring, uniq_natasha
D:4:      layout_rooms, mainiacjoe_overflow_surrounded_room,
          serial_co_window_serial, co_window_corner_a, co_window_paths_b,
          co_window_corner_a, co_window_corner_a, co_window_paths_b,
          co_window_corner_a, co_window_corner_a, co_window_of_opportunity_a,
          co_window_cross_1, co_window_broadway_b, co_window_corner_b,
          co_window_corner_b, co_window_unsneaky_path_a,
          co_window_unsneaky_path_b, co_window_2corner, cheibrodos_gnoll_hut,
          uniq_menkaure, uniq_edmund
D:5:      layout_loops_corners, minmay_temple_entry_tees, st_stairs_10

Skill      XL: |  1  2  3  4  5  6 |
---------------+-------------------+-----
Short Blades   | 2 3 4 5 |  5.2
Stealth        | 5 6 |  6.9
Fighting       | 2 3 |  3.9
Throwing       | |  1.7
Dodging        | |  0.7

Action                     |  1- 3 |  4- 6 |  7- 9 || total
---------------------------+-------+-------+-------++-------
  Melee: Dagger            |    90 |   160 |    43 ||   293
         Bite              |    20 |    47 |    11 ||    78
         Punch             |     2 |     1 |     2 ||     5
         Unarmed           |     1 |       |       ||     1
  Throw: Dart              |       |     9 |       ||     9
    Use: Scroll            |       |     7 |       ||     7
         Potion            |       |     1 |     1 ||     2
   Stab: Sleeping          |     8 |     5 |       ||    13
 Armour: Robe              |     4 |       |       ||     4
         Leather armour    |    18 |    33 |       ||    51
         Chain mail        |       |    12 |    36 ||    48
  Dodge: Dodged            |    57 |    70 |    15 ||   142
